 Dungeon Crawl Stone Soup version 0.27.1 (console) character file.

Game seed: 17618058749469286427

86453 thromnambular the Martial Artist (level 16, -6/123 (136) HPs)
             Began as a Djinni Transmuter on Sept 4, 2021.
             Was the Champion of Okawaru.
             Killed from afar by a necromancer (29 damage)
             ... with a bolt of negative energy
             ... on level 15 of the Dungeon.
             The game lasted 02:03:31 (37355 turns).

thromnambular the Martial Artist (DjTm)            Turns: 37355, Time: 02:03:32

HP:   -6/123 (136)  AC:  6    Str: 17    XL:     16   Next: 34%
Gold: 1883          EV: 34    Int: 18    God:    Okawaru [******] SH:  0 Dex: 21

rFire    . . .     SeeInvis .     - Unarmed
rCold    . . .     Faith    .   (shield currently unavailable)
rNeg     . . .     Spirit   .   (armour currently unavailable)
rPois    ∞         Reflect  .   (helmet currently unavailable)
rElec    .         Harm     .   (cloak currently unavailable)
rCorr    .         Rampage  .   (gloves currently unavailable)
Will     +....                  (boots unavailable)
Stlth    ++........             O - amulet of Vitality {Regen+ HP+15}
HPRegen  1.30/turn              i - +4 ring of protection
MPRegen  0.00/turn              w - +6 ring of strength

@: spider-form, flying, heavily drained
A: venomous fangs, flying, sickness immunity, tiny, (fire resistance 2), (cold
vulnerability 1), float, innate caster, hp casting, extra vitality 1
a: End Transformation, Renounce Religion, Heroism, Finesse


You were on level 15 of the Dungeon.
You worshipped Okawaru.
Okawaru was exalted by your worship.
You were a venomous arachnid creature.
You visited 4 branches of the dungeon, and saw 24 of its levels.
You visited the Abyss 1 time.
You also visited: Sewer and Bailey.

You collected 2007 gold pieces.
You spent 110 gold pieces at shops.
You donated 14 gold pieces to Zin.

Inventory:

Missiles
 a - 9 atropa-tipped darts
 t - 23 boomerangs
 y - 41 poisoned darts
 A - 2 throwing nets
 C - 5 curare-tipped darts
Armour
 g - a +2 pair of gloves (melded)
 k - +0 steam dragon scales (melded)
 r - the +1 crystal plate armour of Knowledge {+Blink Str+3 Int+4}
   (You found it in a bailey)

   Str:       It affects your strength (+3).
   Int:       It affects your intelligence (+4).
   +Blink:    It lets you blink.
 x - a +0 buckler (melded)
 D - a +2 cloak (melded)
 E - a +1 hat of see invisible
 J - a +0 hat of willpower
 X - a +2 helmet of intelligence (melded)
Jewellery
 i - a +4 ring of protection (left front leg)
 n - a +4 ring of protection
 u - a ring of willpower
 w - a +6 ring of strength (right front leg)
 I - an amulet of the acrobat
 L - a ring of resist corrosion
 N - a ring of positive energy
 O - the amulet of Vitality (around neck) {Regen+ HP+15}
   (You found it on level 14 of the Dungeon)

   [amulet of regeneration]

   HP:        It affects your health (+15).
   Regen:     It increases your rate of health regeneration.
 W - an amulet of reflection
Wands
 h - a wand of polymorph (6)
 G - a wand of paralysis (2)
 H - a wand of flame (25)
 M - a wand of acid (12)
 R - a wand of iceblast (9)
Scrolls
 b - a scroll of silence
 e - 2 scrolls of teleportation
 m - a scroll of brand weapon
 s - 2 scrolls of magic mapping
 v - a scroll of torment
 K - 2 scrolls of fog
 S - 3 scrolls of enchant weapon
Potions
 c - a potion of resistance
 d - 5 potions of curing
 f - 2 potions of mutation
 q - 6 potions of brilliance
 z - 2 potions of heal wounds
 F - 6 potions of lignification
Miscellaneous
 o - a phantom mirror
 U - a condenser vane
 V - a piece from Xom's chessboard (15/15)


   Skills:
 + Level 13.2 Fighting
 - Level 3.1 Throwing
 - Level 8.0 Armour
 + Level 13.7 Dodging
 + Level 1.4 Stealth
 - Level 4.0 Shields
 + Level 14.3 Unarmed Combat
 - Level 8.2 Spellcasting
 - Level 6.0 Invocations


You couldn't memorise any spells.
You knew the following spells:

 Your Spells              Type           Power      Damage    Failure   Level
a - Beastly Appendage     Tmut           74%        N/A       2%          1
b - Wereblood             Tmut           37%        N/A       3%          2
c - Spider Form           Tmut/Pois      18%        N/A       4%          3
d - Ice Form              Ice/Tmut       37%        N/A       11%         4
e - Shock                 Conj/Air       100%       1d9       2%          1
f - Passwall              Tmut/Erth      30%        N/A       3%          2
g - Conjure Flame         Conj/Fire      37%        6-21      4%          3
h - Animate Armour        Summ/Erth      74%        N/A       11%         4
i - Leda's Liquefaction   Hex/Erth       18%        N/A       11%         4
j - Manifold Assault      Tloc           37%        N/A       22%         5
k - Shadow Creatures      Summ           N/A        N/A       65%         6
Your spell library was empty.

Dungeon Overview and Level Annotations

Branches:
Dungeon (15/15)            Temple (1/1) D:4            Lair (6/6) D:11
 Shoals (0/4) Lair:4       Spider (0/4) Lair:3        Slime (0/5) Lair:5
    Orc (2/2) D:10         Vaults (0/5) D:14          Sewer (visited)
 Bailey (visited)
    Elf: Orc:2       Depths: D:15

Altars:
Ashenzari
Cheibriados
Dithmenos
Elyvilon
Fedhas
Gozag
Hepliaklqana
Kikubaaqudgha
Makhleb
Nemelex Xobeh
Okawaru
Qazlal
Ru
Sif Muna
Trog
Uskayaw
Vehumet
Wu Jian
Xom
Yredelemnul
Zin
The Shining One
Beogh

Shops:
D:4 !   D:8 =

Annotations:
D:4 4 runed translucent doors
D:5 2 runed translucent doors, ZARRMARR's ghost, amateur OpTm
Lair:1 exclusion: 2 oklob plants
Lair:3 1 runed translucent door, Ceyvaan's ghost, journeyman DEFE
Lair:5 3 runed translucent doors, Lobster4's ghost, journeyman HOFi
Orc:2 Rupert


Innate Abilities, Weirdness & Mutations

You are a venomous arachnid creature.
You have poisonous fangs.
You are tiny and dextrous.
You are flying.
Your spellcasting is less reliable in this form.
Your armour is entirely melded.
You are incapable of wielding weapons or throwing items.
You are immune to sickness and miasma.
You are immune to poison.
((Your flesh is very heat resistant. (rF++)))
((You are vulnerable to cold. (rC-)))
You float through the air rather than walking.
You learn spells naturally, not from books.
Your magical power is your life essence.
You have superior vitality. (+4 HP)


Message History

You feel stupid.
* * * LOW HITPOINT WARNING * * *
The orc throws a boomerang.
Something hits your animated steam dragon scales but does no damage.
Your magical contamination has completely faded away.
You hear some strange, mumbled words.
Something hits your animated steam dragon scales but does no damage.
You hear some strange, mumbled words.
A bolt of negative energy appears from out of thin air!
The bolt of negative energy hits your animated steam dragon scales.
Your animated steam dragon scales completely resists.
The bolt of negative energy misses you.
The orc throws a boomerang.
The boomerang misses you.
Something barely misses your animated steam dragon scales.
Something misses you.
You barely miss something. The orc barely misses you. Something hits you.
You closely miss something.
You hear some strange, mumbled words.
A bolt of negative energy appears from out of thin air!
The bolt of negative energy hits you!!!
You feel drained.
* * * LOW HITPOINT WARNING * * *
The orc completely misses you.
The orc throws a boomerang.
The boomerang completely misses you.
Something hits your animated steam dragon scales.
The orc throws a boomerang.
The boomerang hits your animated steam dragon scales.
Something completely misses your animated steam dragon scales.
You feel better.
Something hits your animated steam dragon scales but does no damage.
Your animated steam dragon scales disappears in a puff of smoke!
The orc completely misses you.
You maul the orc!!
You kill the orc!
A freezing mist starts to gather...
An orc simulacrum comes into view.
You bite something!
You hear some strange, mumbled words.
A bolt of negative energy appears from out of thin air!
The bolt of negative energy hits you!!
You feel drained.
You die...

#### ###....
#......#
#.#.#..#
##......####
#..#.#....s##
.........§{§#
.........Z####
..........##.##
#...............
##..............
#..............
.#..............
................


You could see an orc simulacrum.

Vanquished Creatures
  Gastronok (Lair:3)
  A tentacled starspawn (Abyss:2)
  A very ugly thing (D:9)
  A boulder beetle (D:14)
  13 hydras
  A rakshasa (D:14)
  3 catoblepae
  4 centaur warriors
  Erica (D:10)
  An ogre mage (D:15)
  2 dancing weapons (D:14)
  A tengu warrior (D:13)
  10 two-headed ogres
  A deep troll shaman (Lair:6)
  4 death yaks (Lair:6)
  Sonja (D:12)
  2 skeletal warriors
  A deep troll (D:15)
  2 lindwurms (Lair:6)
  2 orc knights
  2 orc sorcerers (Orc:1)
  6 ugly things
  A manticore (D:14)
  An orb spider (Lair:3)
  A deep elf pyromancer (D:12)
  4 cyclopes
  10 elephants
  An ice statue (D:14)
  3 black mambas
  11 cane toads
  Maggie (D:6)
  3 rime drakes
  11 komodo dragons
  A freezing wraith (D:13)
  An unseen horror (D:11)
  2 tengu conjurers
  7 ice devils (D:14)
  7 trolls
  A large abomination (Abyss:2)
  4 polar bears
  A meliai (shapeshifter) (D:13)
  14 blink frogs
  13 slime creatures
  5 dream sheep
  A shadow (D:11)
  3 wraiths
  A spriggan (Lair:3)
  Eustachio (D:6)
  3 basilisks
  43 yaks
  3 wyverns
  8 vampire mosquitoes
  2 acid dragons (D:9)
  Duvessa (D:6)
  22 water moccasins
  4 sky beasts
  15 orc warriors
  3 black bears (D:6)
  A necrophage (D:6)
  14 wolves
  3 ogres
  14 centaurs
  2 phantoms
  4 kobold brigands
  Blork the orc (D:4)
  2 gnoll sergeants
  2 wyvern zombies
  12 bullfrogs
  2 scorpions
  Dowan (D:6)
  4 killer bees (D:9)
  5 wights
  5 howler monkeys
  A bullfrog zombie (D:7)
  2 centaur zombies (D:9)
  A gnoll shaman (D:9)
  3 jellies (Lair:5)
  2 hounds
  11 orc priests
  Crazy Yiuf (D:4)
  A centaur skeleton (D:4)
  Natasha (thrice) (D:4)
  8 orc wizards
  A killer bee zombie (D:6)
  2 howler monkey zombies (D:9)
  14 gnolls
  12 adders
  2 shadow imps
  A white imp (D:5)
  6 ufetubi
  3 adder skeletons
  2 worms
  3 dart slugs (D:4)
  75 orcs
  9 ball pythons
  15 endoplasms
  12 giant cockroaches
  13 goblins
  4 hobgoblins
  21 kobolds
  15 quokkas
  7 bats
  11 frilled lizards
  8 rats
615 creatures vanquished.

Vanquished Creatures (collateral kills)
  Louise (D:14)
  A two-headed ogre (D:15)
  A death knight (D:15)
  A tengu warrior (D:14)
  A skeletal warrior (D:15)
  An ugly thing (D:15)
6 creatures vanquished.

Vanquished Creatures (others)
  An orc warrior (D:15)
  6 kobolds (D:8)
  A bush (Lair:3)
  77 fungi
  81 plants
  10 starspawn tentacles (Abyss:2)
176 creatures vanquished.

Grand Total: 797 creatures vanquished

Notes
Turn   | Place    | Note
-------+----------+-------------------------------------------
     0 | D:1      | thromnambular the Djinni Transmuter began the quest for the
                  | Orb.
     0 | D:1      | Reached XP level 1. HP: 17/17 MP: 0/0
   487 | D:1      | Reached XP level 2. HP: 19/22 MP: 0/0
  1088 | D:1      | Reached XP level 3. HP: 27/27 MP: 0/0
  1088 | D:1      | Learned a level 1 spell: Shock
  1225 | D:2      | Found a faded altar of an unknown god.
  1236 | D:2      | Became a worshipper of Zin the Law-Giver
  1236 | D:2      | Reached * piety under Zin
  1640 | D:2      | Reached ** piety under Zin
  2304 | D:2      | Reached XP level 4. HP: 14/33 MP: 0/0
  2859 | D:3      | Noticed a sky beast
  3653 | D:4      | Noticed a sky beast
  3653 | D:4      | Found Jupsaaq's Distillery.
  3672 | D:4      | Killed a sky beast
  3673 | D:4      | Reached skill level 4 in Unarmed Combat
  3673 | D:4      | Reached XP level 5. HP: 39/39 MP: 0/0
  3673 | D:4      | Learned a level 2 spell: Passwall
  3680 | D:4      | Bought a potion of haste for 110 gold pieces
  3705 | D:4      | Reached XP level 6. HP: 33/45 MP: 0/0
  3912 | D:4      | Noticed an ogre
  4192 | D:4      | Found a staircase to the Ecumenical Temple.
  4201 | Temple   | Entered the Ecumenical Temple
  4737 | Temple   | Fell from the grace of Zin
  4737 | Temple   | Became a worshipper of Warmaster Okawaru
  4897 | D:4      | Found a large runed translucent door.
  4897 | D:4      | Found a large runed translucent door.
  5191 | D:4      | Found a runed translucent door.
  5192 | D:4      | Noticed Crazy Yiuf
  5200 | D:4      | Killed Crazy Yiuf
  5323 | D:4      | Noticed Natasha
  5334 | D:4      | Killed Natasha
  5335 | D:4      | Reached XP level 7. HP: 40/50 MP: 0/0
  5335 | D:4      | Learned a level 3 spell: Conjure Flame
  5412 | D:4      | Found a large runed translucent door.
  5416 | D:4      | Noticed Natasha
  5418 | D:4      | Found a large runed translucent door.
  5501 | D:4      | Reached * piety under Okawaru
  5942 | D:4      | Noticed a water moccasin
  5960 | D:4      | Killed a water moccasin
  5961 | D:4      | Reached skill level 5 in Unarmed Combat
  6018 | D:4      | Identified the ring "Reimepau" {rElec rF+ Will+ SInv}
  6081 | D:4      | Noticed Blork the orc
  6095 | D:4      | Killed Blork the orc
  6096 | D:4      | Reached skill level 5 in Dodging
  6096 | D:4      | Reached XP level 8. HP: 38/58 MP: 0/0
  6399 | D:4      | Killed Natasha
  6575 | D:4      | Noticed Natasha
  6586 | D:4      | Killed Natasha
  6624 | D:5      | Entered Level 5 of the Dungeon
  6992 | D:5      | Found a blossoming altar of Fedhas.
  7031 | D:5      | Found a glowing drain.
  7035 | Sewer    | Entered a sewer
  7482 | Sewer    | Reached ** piety under Okawaru
  7673 | D:5      | Identified the +0 leather armour of Irapoc {*Corrode Str+7}
  7839 | D:5      | Found a runed translucent door.
  7985 | D:5      | Noticed ZARRMARR's ghost (amateur OpTm)
  8026 | D:5      | Found a runed translucent door.
  8354 | D:6      | Reached skill level 5 in Fighting
  8390 | D:6      | Reached skill level 6 in Unarmed Combat
  8390 | D:6      | Reached XP level 9. HP: 47/65 MP: 0/0
  8390 | D:6      | Learned a level 4 spell: Animate Armour
  8507 | D:6      | Noticed Eustachio
  8524 | D:6      | Killed Eustachio
  8525 | D:6      | Reached skill level 1 in Invocations
  9384 | D:6      | Reached skill level 1 in Armour
  9424 | D:6      | Reached skill level 1 in Stealth
  9427 | D:6      | Noticed Maggie
  9510 | D:6      | Killed Maggie
  9514 | D:6      | Reached *** piety under Okawaru
  9515 | D:6      | Reached skill level 7 in Unarmed Combat
  9694 | D:6      | Noticed Duvessa
  9695 | D:6      | Noticed Dowan
  9712 | D:6      | Killed Duvessa
  9836 | D:6      | Killed Dowan
 10312 | D:7      | Reached XP level 10. HP: 67/73 MP: 0/0
 10803 | D:8      | Found Anahont's Jewellery Shoppe.
 10831 | D:8      | Found a flagged portal.
 10846 | Bailey   | Entered a bailey
 11090 | Bailey   | Reached skill level 8 in Unarmed Combat
 11517 | Bailey   | Noticed an orc knight
 11575 | Bailey   | Killed an orc knight
 11575 | Bailey   | Reached **** piety under Okawaru
 11576 | Bailey   | Reached skill level 5 in Armour
 11877 | Bailey   | Identified the +1 crystal plate armour of Knowledge {+Blink
                  | Str+3 Int+4}
 11880 | Bailey   | Got the Papyrus of Unstable Calling
 12016 | D:8      | Noticed a two-headed ogre
 12028 | D:8      | Killed a two-headed ogre
 12699 | D:8      | Reached skill level 9 in Unarmed Combat
 12783 | D:8      | Reached XP level 11. HP: 80/82 MP: 0/0
 12783 | D:8      | Learned a level 4 spell: Leda's Liquefaction
 14323 | D:9      | Noticed a cyan very ugly thing
 14408 | D:9      | Killed a brown very ugly thing
 14408 | D:9      | Reached ***** piety under Okawaru
 15272 | D:10     | Entered Level 10 of the Dungeon
 15272 | D:10     | Noticed a two-headed ogre
 15272 | D:10     | Noticed a centaur warrior
 15508 | D:10     | Reached skill level 1 in Throwing
 15706 | D:10     | Killed a centaur warrior
 15706 | D:10     | Received a gift from Okawaru
 16062 | D:10     | Noticed Erica
 16344 | D:9      | Reached skill level 10 in Unarmed Combat
 16344 | D:9      | Reached skill level 5 in Spellcasting
 16826 | D:10     | Killed a two-headed ogre
 17270 | D:10     | Killed Erica
 17271 | D:10     | Reached XP level 12. HP: 59/90 MP: 0/0
 17431 | D:10     | Found a staircase to the Orcish Mines.
 17933 | D:11     | Received a gift from Okawaru
 17958 | D:11     | Noticed a two-headed ogre
 17970 | D:11     | Killed a two-headed ogre
 18091 | D:11     | Noticed a two-headed ogre
 18102 | D:11     | Killed a two-headed ogre
 18123 | D:11     | Reached skill level 10 in Fighting
 18249 | D:11     | Found a staircase to the Lair.
 18566 | Lair:1   | Entered Level 1 of the Lair of Beasts
 18689 | Lair:1   | Noticed a four-headed hydra
 18736 | Lair:1   | Killed a four-headed hydra
 18736 | Lair:1   | Reached ****** piety under Okawaru
 19124 | Lair:1   | Noticed a seven-headed hydra
 19131 | Lair:1   | Killed a seven-headed hydra
 19132 | Lair:1   | Reached skill level 11 in Unarmed Combat
 19394 | Lair:1   | Reached XP level 13. HP: 89/97 MP: 0/0
 19394 | Lair:1   | Learned a level 5 spell: Manifold Assault
 20448 | Lair:2   | Noticed a four-headed hydra
 20458 | Lair:2   | Killed a four-headed hydra
 20458 | Lair:2   | Received a gift from Okawaru
 20931 | Lair:3   | Noticed a catoblepas
 21182 | Lair:3   | Noticed Ceyvaan's ghost (journeyman DEFE)
 21182 | Lair:3   | Found a runed translucent door.
 21182 | Lair:3   | Found a shimmering altar of Xom.
 21252 | Lair:3   | Noticed Gastronok
 21280 | Lair:3   | Killed Gastronok
 21375 | Lair:3   | Noticed a five-headed hydra
 21385 | Lair:3   | Killed a five-headed hydra
 21386 | Lair:3   | Reached skill level 10 in Dodging
 21530 | Lair:3   | Reached skill level 5 in Invocations
 22043 | Lair:3   | Found a hole to the Spider Nest.
 22841 | Lair:3   | Identified the +2 morningstar "Ytehusie" {chaos, rPois rC+
                  | rN+ Int+3}
 22882 | Lair:3   | Killed a catoblepas
 22882 | Lair:3   | Received a gift from Okawaru
 23140 | Lair:3   | Noticed a seven-headed hydra
 23148 | Lair:3   | Killed a seven-headed hydra
 23591 | Lair:4   | Noticed an eight-headed hydra
 23598 | Lair:4   | Killed an eight-headed hydra
 23649 | Lair:4   | Reached skill level 12 in Unarmed Combat
 23839 | Lair:4   | Found a staircase to the Shoals.
 23912 | Lair:4   | Noticed a four-headed hydra
 23919 | Lair:4   | Killed a four-headed hydra
 23920 | Lair:4   | Reached skill level 1 in Shields
 24260 | Lair:4   | Reached XP level 14. HP: 85/105 MP: 0/0
 25407 | Lair:5   | Received a gift from Okawaru
 25690 | Lair:5   | Found a staircase to the Slime Pits.
 25696 | Lair:5   | Identified the +10 dagger of Ash {speed, SInv}
 26107 | Lair:5   | Found a runed translucent gate.
 26108 | Lair:5   | Found a runed translucent gate.
 26108 | Lair:5   | Noticed Lobster4's ghost (journeyman HOFi)
 26109 | Lair:5   | Found a runed translucent gate.
 26463 | Lair:6   | Entered Level 6 of the Lair of Beasts
 27124 | Lair:6   | Received a gift from Okawaru
 28218 | Lair:6   | Received a gift from Okawaru
 28644 | Lair:6   | Reached skill level 13 in Unarmed Combat
 28998 | Lair:6   | Received a gift from Okawaru
 29282 | Lair:6   | Reached XP level 15. HP: 113/113 MP: 0/0
 29282 | Lair:6   | Learned a level 6 spell: Shadow Creatures
 30121 | D:11     | You are sucked into a shaft and drop 3 floors!
 30869 | D:12     | Noticed Sonja
 31115 | D:13     | Received a gift from Okawaru
 31340 | D:12     | Cast into level 2 of the Abyss (Sonja)
 31413 | Abyss:2  | Noticed a tentacled starspawn
 31437 | Abyss:2  | Noticed a tentacled starspawn
 31485 | Abyss:2  | Killed a tentacled starspawn
 31517 | D:12     | Escaped the Abyss
 31527 | D:12     | Killed Sonja
 34534 | Orc:1    | Entered Level 1 of the Orcish Mines
 35262 | Orc:2    | Entered Level 2 of the Orcish Mines
 35264 | Orc:2    | Noticed Rupert
 35417 | D:14     | Found the amulet of Vitality {Regen+ HP+15}
 35425 | D:14     | Received a gift from Okawaru
 35864 | D:14     | Found a gate to the Vaults.
 35941 | D:14     | Noticed Louise
 35963 | D:14     | Killed Louise
 35964 | D:14     | Reached skill level 14 in Unarmed Combat
 35964 | D:14     | Reached XP level 16. HP: 120/120 MP: 0/0
 36440 | D:15     | Entered Level 15 of the Dungeon
 36887 | D:15     | Identified the +2 buckler "Biqeis" {*Corrode Regen+ Int+4}
                  | (Okawaru gifted it to you on level 15 of the Dungeon)
 36887 | D:15     | Received a gift from Okawaru
 37349 | D:15     | HP: 6/129 [something/bolt of negative energy (37)]
 37355 | D:15     | Killed from afar by a necromancer

Illustrated notes

Levels and vault maps discovered:
D:1:      elethiomel_arrival_quiet, layout_rooms, minmay_3d_cube
D:2:      minmay_razor_zed, layout_loops_corners,
          shapermc_ecumenical_altar_notcrosses, kennysheep_doodads
D:3:      layout_loops_cross, kennysheep_path_1
D:4:      layout_gridville, minmay_temple_entry_mini_moons,
          nicolae_stop_n_shop_2, minmay_hollow_rounded_squares,
          uniq_blork_the_orc, uniq_crazy_yiuf_cottage, uniq_natasha
D:5:      layout_basic, mainiacjoe_overflow_tiny_flanked, ebering_ghost_sewer_f,
          gup_sewer_entry_bowl
D:6:      layout_basic, uniq_maggie, uniq_eustachio, uniq_duvessa
D:7:      layout_rooms
D:8:      layout_gridville, enter_bailey_3, serial_shops, nicolae_shop_crystal,
          hangedman_abyss_or_decor_stabs, lemuel_old_faithful
D:9:      layout_loops_ring, kennysheep_island_fort
D:10:     layout_cave_pools, david_orc_5, minmay_fractal_squares_diagonal_5,
          uniq_erica
D:11:     layout_roguey, due_lair_maze_entry_diamond
D:12:     layout_long_grid, uniq_sonja
D:13:     layout_irregular_city
D:14:     cheibrodos_frozen_isle, layout_gridville, erik_vaults_1, minivault_19,
          uniq_louise
D:15:     hangedman_depths_entry_civil_slaughter, layout_cave_pools,
          serial_glass, glass_columns_a, glass_columns_a
Temple:   nicolae_temple_the_god_donut
Lair:1:   layout_regular_city, minivault_26, cheibrodos_lair_reptile_den,
          grunt_megastairs_4, serial_bayou_shore_b, minmay_lair_oklob_chamber
Lair:2:   layout_big_grid, serial_bayou_shore_b
Lair:3:   layout_chaotic_city, nicolae_spider_entry_orb_guardian,
          ebering_ghost_xom, grunt_forest_large_clearing_hut, uniq_gastronok
Lair:4:   layout_concentric_octagons, minmay_shoals_entry_centaurs
Lair:5:   layout_cellular_growth, nicolae_slime_entry_slimehenge,
          gammafunk_ghost_hydra_chop
Lair:6:   grunt_lair_end_beastmaster, layout_cellular_growth, grunt_megastairs_2
Orc:1:    layout_diamond_mine, uniq_urug
Orc:2:    st_orc_rangers, layout_caves, uniq_rupert

Skill      XL: |  1  2  3  4  5  6  7  8  9 10 11 12 13 14 15 16 |
---------------+-------------------------------------------------+-----
Spellcasting   | 2 3 4 5 6 7 8 |  8.2
Dodging        | 3 4 5 6 7 9 10 12 13 | 13.7
Fighting       | 2 3 4 5 6 8 9 10 11 12 13 | 13.2
Unarmed Combat | 4 5 6 7 9 10 11 12 13 14 | 14.3
Invocations    | 2 3 6 |  6.0
Armour         | 3 5 6 8 |  8.0
Stealth        | 1 |  1.4
Throwing       | 2 3 |  3.1
Shields        | 1 4 |  4.0

Action                   |  1- 3 |  4- 6 |  7- 9 | 10-12 | 13-15 | 16-18 || total
-------------------------+-------+-------+-------+-------+-------+-------++-------
Melee: Unarmed           |   103 |    99 |   358 |   556 |   924 |   153 ||  2193
       Headbutt          |     4 |       |       |       |     5 |       ||     9
       Punch             |     2 |     4 |     2 |     5 |       |       ||    13
Throw: Dart              |       |       |       |    15 |       |     1 ||    16
 Cast: Beastly Appendage |     6 |       |       |       |     1 |       ||     7
       Shock             |    15 |    50 |    32 |   233 |    76 |     8 ||   414
       Spider Form       |       |     6 |    42 |    48 |     8 |     1 ||   105
       Conjure Flame     |       |       |     1 |     3 |       |       ||     4
       Ice Form          |       |       |     1 |    12 |    77 |     8 ||    98
       Wereblood         |       |       |       |     2 |       |       ||     2
       Leda's Liquefacti |       |       |       |     1 |     3 |     2 ||     6
       Animate Armour    |       |       |       |     1 |     5 |     4 ||    10
       Manifold Assault  |       |       |       |       |    54 |    23 ||    77
       Shadow Creatures  |       |       |       |       |     1 |     1 ||     2
       Passwall          |       |       |       |       |       |     1 ||     1
Invok: Heroism           |       |       |       |     1 |       |       ||     1
 Abil: End Transformatio |       |       |     1 |     2 |     4 |     1 ||     8
Evoke: Wand              |       |     3 |       |    14 |     6 |     2 ||    25
       Phantom mirror    |       |       |       |       |     1 |       ||     1
       Piece from Xom's  |       |       |       |       |     1 |       ||     1
       Condenser vane    |       |       |       |       |     1 |       ||     1
  Use: Scroll            |       |     2 |     6 |    13 |    11 |    10 ||    42
       Potion            |       |       |     1 |     1 |     7 |     6 ||    15
 Stab: Paralysed         |       |    11 |       |       |     2 |       ||    13
       Sleeping          |       |       |     3 |       |       |       ||     3
       Distracted        |       |       |       |     1 |       |       ||     1
       Invisible         |       |       |       |       |       |     1 ||     1
Armor: Robe              |    38 |    29 |    25 |       |       |       ||    92
       Skin              |       |     2 |    37 |    70 |   169 |    12 ||   290
       Steam dragon scal |       |       |       |    60 |    49 |    36 ||   145
Dodge: Dodged            |    92 |    89 |   310 |   540 |   581 |   124 ||  1736
Block: Buckler           |       |       |       |       |    55 |    24 ||    79
       Other             |       |       |       |       |    28 |       ||    28
       Reflection        |       |       |       |       |     4 |       ||     4
